Cogmind - Beta 11.2 @@@ ROGUE MODE // 2023.02.22 @ 16:58:09 // Winter2019/RPGLIKE Player: honey223 Result: Self-destructed Performance ------------- Evolutions (1) 500 Regions Visited (5) 1000 Robots Destroyed (75) 375 Value Destroyed (1942) 1942 Prototype IDs (7) 140 Alien Tech Used (0) 0 Bonus (549) 549 TOTAL SCORE: 4506 Bonus ------- High Alert Combat Kills 549 Cogmind --------- Core Integrity 444/600 Matter 267/300 Energy 265/265 System Corruption 5% Temperature Cool (0) Movement Treading (160) Location -9/Exiles Parts ------- > --- POWER (1) -------- Improved Ion Engine > --- PROPULSION (3) --- Light Treads Light Treads Light Treads > --- UTILITY (6) ------ Improved Terrain Scanner Salvage Targeting Computer Hacking Suite Hacking Suite Hacking Suite Makeshift Hacking Suite > --- WEAPON (5) ------- Heavy Assault Rifle Heavy Assault Rifle Heavy Assault Rifle Datajack > --- INVENTORY (1) ---- Rocket Launcher Peak State ------------ > --- POWER ------------ Improved Ion Engine > --- PROPULSION ------- Light Treads Light Treads Light Treads > --- UTILITY ---------- Improved Heat Sink Improved Terrain Scanner Salvage Targeting Computer Hacking Suite Hacking Suite Hacking Suite > --- WEAPON ----------- Heavy Assault Rifle Heavy Assault Rifle Heavy Assault Rifle Rocket Launcher Datajack > --- INVENTORY -------- (None) [Rating: 31] Favorites ----------- Power Ion Engine Engine Ion Engine Propulsion Light Treads Treads Light Treads Utility Improved Terrain Scanner Device Improved Terrain Scanner Processor Terrain Scan Processor Hackware Hacking Suite Weapon Heavy Assault Rifle Ballistic Gun Heavy Assault Rifle Ballistic Cannon Light Cannon Launcher Rocket Launcher Special Melee Weapon Datajack Build | -11 -10 -10 -9 -9 -9 ------- Run | Scr Mat Min Mat Min Exi Slots Evolved 11 | 4 1 . 6 . . Power . | . . . . . . Propulsion 2 | 1 . . 1 . . Utility 5 | 1 . . 4 . . Weapon 4 | 2 1 . 1 . . Parts Attached 31 | 7 7 1 11 1 4 Power 2 | 1 . . 1 . . Engine 2 | 1 . . 1 . . Core . | . . . . . . Reactor . | . . . . . . Propulsion 3 | 2 . . 1 . . Treads 3 | 2 . . 1 . . Leg . | . . . . . . Wheel . | . . . . . . Hover . | . . . . . . Flight . | . . . . . . Utility 9 | 1 1 . 6 . 1 Device 3 | 1 . . 2 . . Storage . | . . . . . . Processor 2 | . 1 . 1 . . Hackware 4 | . . . 3 . 1 Protection . | . . . . . . Artifact . | . . . . . . Weapon 17 | 3 6 1 3 1 3 Energy Gun . | . . . . . . Energy Cannon . | . . . . . . Ballistic Gun 12 | 3 3 . 3 . 3 Ballistic Cannon 2 | . 1 1 . . . Launcher 1 | . 1 . . . . Special Weapon . | . . . . . . Impact Weapon . | . . . . . . Slashing Weapon . | . . . . . . Piercing Weapon . | . . . . . . Special Melee Weapon 2 | . 1 . . 1 . Unidentified Prototypes . | . . . . . . Parts Lost . | . . . . . . Power . | . . . . . . Propulsion . | . . . . . . Utility . | . . . . . . Weapon . | . . . . . . Highest Loss Streak . | . . . . . . To Critical Strikes . | . . . . . . Average Slot Usage (%) 96 | . 96 99 98 93 91 Engine 9 | . 11 11 9 6 6 Treads 21 | . 24 22 19 20 20 Device 12 | . 11 11 13 13 11 Processor 9 | . 8 11 12 6 6 Hackware 5 | . . . 2 20 21 Ballistic Gun 20 | . 27 16 19 20 18 Ballistic Cannon 8 | . 8 16 10 . . Launcher 6 | . 2 11 9 . . Special Melee Weapon 1 | . 1 . . 6 6 Naked Turns . | . . . . . . Heaviest Build 27 | 10 19 25 27 23 19 Greatest Support 60 | 40 40 40 60 60 60 Greatest Overweight (x) 1 | 1 . . . . . Average Overweight (x) . | . . . . . . Largest Inventory Capacity 1 | . 1 1 1 1 1 Average Capacity . | . . 1 1 1 1 Most Carried 1 | . 1 1 1 1 1 Average Carried . | . . 1 1 . 1 Final Capacity 1 | . 1 1 1 1 1 Final Carried 1 | . 1 1 1 1 1 Class Distribution -------------------- 59% | Skirmisher 14% | Hacker-Mutant 14% | Mutant 10% | Hacker-Skirmisher Dominant Class ---------------- Skirmisher | -10/Materials Skirmisher | -10/Mines Skirmisher | -9/Materials Hacker-Skirmisher | -9/Mines Hacker-Mutant | -9/Exiles Resources | -11 -10 -10 -9 -9 -9 ----------- Run | Scr Mat Min Mat Min Exi Matter Collected 2087 | 275 548 266 998 . . Remotely . | . . . . . . Salvage Created 2323 | 30 538 78 1677 . . Parts 162 | 5 42 9 106 . . Haulers Intercepted 3 | . . . 3 . . Recyclers Shooed . | . . . . . . Parts Field Recycled . | . . . . . . Retrieved Matter . | . . . . . . Parts Self-Destructed . | . . . . . . Prevented . | . . . . . . Kills | -11 -10 -10 -9 -9 -9 ------- Run | Scr Mat Min Mat Min Exi Combat Hostiles Destroyed 67 | . 13 10 44 . . Guns 38 | . 13 7 18 . . Cannons 12 | . . . 12 . . AOE 17 | . . 3 14 . . Classes Destroyed 13 | 1 7 1 4 . . Worker 6 | . 2 2 2 . . Builder 3 | . 2 . 1 . . Tunneler 1 | 1 . . . . . Hauler 3 | . . . 3 . . Recycler 1 | . 1 . . . . Mechanic 1 | . . . 1 . . Operator 2 | . 2 . . . . Watcher 5 | . 3 . 2 . . Swarmer 10 | . 3 3 4 . . Grunt 43 | . 10 . 33 . . Duelist 2 | . . . 2 . . Sentry 5 | . . . 5 . . Assembled 7 | . . 7 . . . Best Kill Streak 9 | 1 5 4 9 . . Combat Bots Only 8 | . 4 3 8 . . Max Kills in Single Turn 4 | 1 2 2 4 . . Gunslinging 1 | . . . 1 . . Exploded 3 | . . 2 3 . . Melee . | . . . . . . Uniques/NPCs Destroyed . | . . . . . . Combat | -11 -10 -10 -9 -9 -9 -------- Run | Scr Mat Min Mat Min Exi Damage Taken 1690 | . 318 260 1112 . . Core 1351 | . 249 216 886 . . Absorbed by Shields . | . . . . . . Redirected to Core 1131 | . 229 156 746 . . Core Remaining (%) 83 | 100 . 66 . . . Volleys Fired 146 | 1 40 22 83 . . Largest 3 | 3 3 3 3 . . Hottest 115 | 60 81 81 115 . . Shots Fired 390 | 3 120 50 215 1 1 Gun 273 | 3 98 28 143 . 1 Cannon 101 | . 22 14 65 . . Launcher 16 | . . 8 7 1 . Special . | . . . . . . Kinetic 374 | 3 120 42 208 . 1 Thermal . | . . . . . . Explosive 16 | . . 8 7 1 . Electromagnetic . | . . . . . . Robot Hit Streak 17 | 1 9 7 17 . . Robot Miss Streak 6 | 1 5 6 6 . 1 Penetration Max 2 | . . . 2 . . Secondary Targets 5 | . . . 5 . . Max Gunslinging Chain 1 | . . . 1 . . Shots Hit Robots 247 | 2 77 18 150 . . Core Hits 141 | 1 41 17 81 . 1 Critical Kills 9 | . 2 . 7 . . Critical Parts Destroyed 4 | . . . 4 . . Critical Strikes 14 | . 2 . 12 . . Destroy 13 | . 2 . 11 . . Blast 1 | . . . 1 . . Melee Attacks . | . . . . . . Impact . | . . . . . . Slashing . | . . . . . . Piercing . | . . . . . . Sneak Attacks . | . . . . . . Combat Hostiles . | . . . . . . Follow-up Attacks . | . . . . . . Damage Inflicted 5335 | 22 1103 451 3738 . 21 Guns 3013 | 22 1007 221 1763 . . Cannons 957 | . 95 33 829 . . Explosions 1343 | . . 197 1146 . . Melee . | . . . . . . Ramming 22 | . 1 . . . 21 Kinetic 3970 | 22 1102 254 2592 . . Thermal . | . . . . . . Explosive 1343 | . . 197 1146 . . Electromagnetic . | . . . . . . Impact . | . . . . . . Slashing . | . . . . . . Piercing . | . . . . . . Highest Corruption 5 | . . . 5 5 5 Average Corruption 4 | . . . 4 5 5 Corruption Purged . | . . . . . . Corruption Blocked . | . . . . . . Effects 45 | . . . 19 9 17 Message Errors 10 | . . . 4 3 3 Matter Fused 7 | . . . 1 2 4 Heat Flow Errors 5 | . . . 2 2 1 Energy Discharges 6 | . . . 4 . 2 Data Loss (minor) 7 | . . . 3 1 3 Data Loss (major) 3 | . . . 1 . 2 Misfires 3 | . . . 1 1 1 Alerts 2 | . . . 1 . 1 Weapon Failures 2 | . . . 2 . . Overload Shots . | . . . . . . Overflow Damage 20 | . 10 . 10 . . Projectiles 10 | . 10 . . . . Explosions 10 | . . . 10 . . Melee . | . . . . . . Knockbacks 6 | . 3 . 3 . . Impact . | . . . . . . Kinetic 6 | . 3 . 3 . . Secondary . | . . . . . . Self-Inflicted Damage 26 | . . 26 . . . Shots 1 | . . 1 . . . Rammed 23 | . 1 . . 1 21 Targets Rammed 24 | . 1 . . 1 22 Kicked . | . . . . . . Crushed 1 | . . . . . 1 Highest Temperature 228 | 20 132 3 171 184 228 Average Temperature 42 | 15 33 3 69 89 118 Received Heat Transfer 754 | . 174 40 540 . . Effects 1 | . . . . . 1 Energy Bleed 1 | . . . . . 1 Siege Activations . | . . . . . . Robots Corrupted . | . . . . . . Combat Hostiles . | . . . . . . Parts Fried . | . . . . . . Impact Corruptions . | . . . . . . Robots Melted . | . . . . . . Combat Hostiles . | . . . . . . Parts Melted 1 | . . . 1 . . Heat Transferred . | . . . . . . Parts Sabotaged . | . . . . . . Parts Stolen . | . . . . . . Parts Stripped . | . . . . . . Power Chain Reactions . | . . . . . . Missiles Intercepted . | . . . . . . Alert | -11 -10 -10 -9 -9 -9 ------- Run | Scr Mat Min Mat Min Exi Peak Influence 1092 | 5 251 202 1092 452 . Initial 425 | . 3 67 . 425 . Average 327 | 1 130 103 614 451 . Maximum Alert Level 3 | . 1 1 3 2 . Low Security (%) 56 | 100 86 96 17 . . Level 1 5 | . 13 3 1 . . Level 2 18 | . . . 29 100 . Level 3 19 | . . . 51 . . Level 4 . | . . . . . . Level 5 . | . . . . . . High Security . | . . . . . . Max Security . | . . . . . . Squads Dispatched 13 | . 5 . 8 . . Investigation 9 | . 4 . 5 . . Extermination . | . . . . . . Reinforcement 1 | . 1 . . . . Assault 3 | . . . 3 . . Garrison . | . . . . . . Intercept . | . . . . . . Searches Triggered . | . . . . . . Construction Impeded . | . . . . . . Haulers Reinforced . | . . . . . . Active Scanning Responses . | . . . . . . Cargo Convoy Interrupts . | . . . . . . Stealth | -11 -10 -10 -9 -9 -9 --------- Run | Scr Mat Min Mat Min Exi Distress Signals 2 | . 2 . . . . Communications Jammed . | . . . . . . Distress Signals . | . . . . . . Times Spotted 96 | . 22 10 64 . . Peak Tracking Total 7 | . 4 3 7 . . Tactical Retreats 1 | . . . 1 . . Traps | -11 -10 -10 -9 -9 -9 ------- Run | Scr Mat Min Mat Min Exi Traps Triggered 4 | . . . 4 . . Indirectly . | . . . . . . Trap Hack Attempts . | . . . . . . Triggered . | . . . . . . Disarmed . | . . . . . . Reprogrammed . | . . . . . . Reused . | . . . . . . Traps Extracted . | . . . . . . Installed . | . . . . . . Triggered . | . . . . . . Machines | -11 -10 -10 -9 -9 -9 ---------- Run | Scr Mat Min Mat Min Exi Machines Disabled 3 | . . . 3 . . Max in Single Turn 1 | . . . 1 . . Machines Sabotaged . | . . . . . . Garrisons Compromised . | . . . . . . Overloaded Fab Kills . | . . . . . . Hacking | -11 -10 -10 -9 -9 -9 --------- Run | Scr Mat Min Mat Min Exi Machines Accessed 17 | . 7 . 9 . 1 Terminals 14 | . 6 . 8 . . Fabricators . | . . . . . . Repair Stations . | . . . . . . Recycling Units 2 | . 1 . 1 . . Scanalyzers . | . . . . . . Garrison Access . | . . . . . . Total Hacks 52 | . 21 . 29 . 2 Successful 24 | . 9 . 13 . 2 Failed 28 | . 12 . 16 . . Catastrophic 3 | . . . 3 . . Database Lockouts . | . . . . . . Manual 32 | . 17 . 12 . 3 Terminals 47 | . 19 . 28 . . Fabricators . | . . . . . . Repair Stations . | . . . . . . Recycling Units 3 | . 2 . 1 . . Scanalyzers . | . . . . . . Garrison Access . | . . . . . . Terminal Hacks 17 | . 5 . 10 . 2 Record 2 | . . . . . 2 Robot Analysis 4 | . 2 . 2 . . Prototype ID Bank 4 | . 2 . 2 . . Branch Access Points 1 | . . . 1 . . Unreport Threat 1 | . . . 1 . . Locate Traps 2 | . 1 . 1 . . Dispatch Records 1 | . . . 1 . . Patrol Status 1 | . . . 1 . . Hauler Manifests 1 | . . . 1 . . Fabricator Hacks . | . . . . . . Repair Station Hacks . | . . . . . . Recycling Unit Hacks . | . . . . . . Scanalyzer . | . . . . . . Garrison Access Hacks . | . . . . . . Unauthorized Hacks 7 | . 4 . 3 . . Terminals 5 | . 3 . 2 . . Botnet 1 | . . . 1 . . Detonate 1 | . 1 . . . . Sabotage 3 | . 2 . 1 . . Fabricators . | . . . . . . Repair Stations . | . . . . . . Recycling Units 2 | . 1 . 1 . . Tunnel 2 | . 1 . 1 . . Scanalyzers . | . . . . . . Garrison Access . | . . . . . . Data Cores Recovered . | . . . . . . Used . | . . . . . . Hacking Detections 13 | . 5 . 8 . . Full Trace Events 5 | . 3 . 2 . . Feedback Events . | . . . . . . Feedback Blocked . | . . . . . . Robot Schematics Acquired . | . . . . . . Robots Built . | . . . . . . Authchips . | . . . . . . Time . | . . . . . . Total Robot Build Rating . | . . . . . . Part Schematics Acquired . | . . . . . . Parts Built . | . . . . . . Authchips . | . . . . . . Time . | . . . . . . Total Part Build Rating . | . . . . . . Parts Repaired . | . . . . . . Time . | . . . . . . Parts Recycled . | . . . . . . Recycled Matter . | . . . . . . Retrieved Matter . | . . . . . . Retrieved Components . | . . . . . . Parts Scanalyzed . | . . . . . . Part Schematics Acquired . | . . . . . . Parts Damaged . | . . . . . . Bothacking | -11 -10 -10 -9 -9 -9 ------------ Run | Scr Mat Min Mat Min Exi Used RIF Installer . | . . . . . . Robots Hacked . | . . . . . . Non-combat . | . . . . . . Combat . | . . . . . . Robot Hacks Applied . | . . . . . . Relay Couplers Released . | . . . . . . Fabnet Peak Effective % . | . . . . . . Robots Rewired 1 | . . . . . 1 Allies Hacked . | . . . . . . Hacks Repelled . | . . . . . . Allies | -11 -10 -10 -9 -9 -9 -------- Run | Scr Mat Min Mat Min Exi Total Allies 2 | . . 1 . . 1 Largest Group 1 | . . 1 1 . 1 Highest-Rated Group 31 | . . 31 31 . 8 Highest-Rated Ally 31 | . . 31 31 . 8 Total Orders . | . . . . . . Ally Attacks 4 | . . . 4 . . Total Damage 42 | . . . 42 . . Kills . | . . . . . . Allies Corrupted . | . . . . . . Allies Melted . | . . . . . . Intel | -11 -10 -10 -9 -9 -9 ------- Run | Scr Mat Min Mat Min Exi Robot Analysis Total 4 | . 2 . 2 . . Derelict Logs Recovered 1 | . . 1 . . . Drone Launches . | . . . . . . Drone Recoveries . | . . . . . . Exploration | -11 -10 -10 -9 -9 -9 ------------- Run | Scr Mat Min Mat Min Exi Turns Passed 4187 | 67 1018 864 1329 261 648 Spaces Moved 2096 | 46 503 422 589 160 376 Core 21 | 21 . . . . . Treads 2075 | 25 503 422 589 160 376 Legs . | . . . . . . Wheels . | . . . . . . Hover . | . . . . . . Flight . | . . . . . . Fastest Speed 50 | 50 160 160 160 160 160 Average Speed 158 | 113 160 160 160 160 160 Slowest Speed 160 | 160 160 160 160 160 160 Overloaded Moves . | . . . . . . Propulsion Burnouts . | . . . . . . Robots Hopped . | . . . . . . Cave-ins Triggered . | . . . . . . Exploration Rate (%) 57 | 3 67 80 74 32 87 Regions Visited 5 Branch Regions 3 Pre-discovered Areas 5 | . 1 1 1 1 1 Known Exits Taken 1 | . . . 1 . . Unknown Exits Taken 4 | 1 1 1 . 1 . Scrap Searched 1 | . . 1 . . . Spaces Dug 11 | . . 9 2 . . Terrain Destroyed 212 | . . 72 129 11 . Melee . | . . . . . . Projectile 21 | . . 1 20 . . AOE 191 | . . 71 109 11 . Terrain Rammed . | . . . . . . Walls Destroyed . | . . . . . . Machines Disabled . | . . . . . . Actions | -11 -10 -10 -9 -9 -9 --------- Run | Scr Mat Min Mat Min Exi Total 2628 | 56 625 571 802 165 409 Wait 249 | 3 57 121 65 3 . Move 2091 | 45 502 421 588 159 376 Hop . | . . . . . . Pick Up 2 | . 2 . . . . Fast Attach 27 | 7 5 1 10 . 4 Attach 2 | . 1 . . 1 . Detach 1 | . . . . 1 . Swap 2 | . 1 . 1 . . Drop 15 | . 4 1 6 . 4 Fire 146 | 1 40 22 83 . . Melee . | . . . . . . Ram . | . . . . . . Kick . | . . . . . . Crush 24 | . 1 . . 1 22 Escape Stasis . | . . . . . . Rewire 3 | . . . . . 3 Trap . | . . . . . . Miscellaneous 66 | . 12 5 49 . . Route ------- -11/Scrapyard -10/Materials (discovered 3 exits: *Mat x2 / [*Min]) -10/Mines -9/Materials (discovered 3 exits: [*Mat x2] / *Min) -9/Mines -9/Exiles (discovered 1 exit: [*Min]) History --------- Turn | Location | Event 9 | -11/Scrapyard | Upgraded with Propulsion slot (x1) 9 | -11/Scrapyard | Upgraded with Utility slot (x1) 9 | -11/Scrapyard | Upgraded with Weapon slot (x2) 15 | -11/Scrapyard | Discovered new exit (range 15) 68 | -11/Scrapyard | Entered Materials 317 | -10/Materials | Build established: Skirmisher 346 | -10/Materials | Discovered new exit (range 14) 548 | -10/Materials | Discovered new exit (range 15) 759 | -10/Materials | Reached level 2 771 | -10/Materials | Upgraded with Weapon slot (x1) 958 | -10/Materials | Discovered new exit (range 16) 1086 | -10/Materials | Entered Mines 1234 | -10/Mines | Assembled infested the area 1239 | -10/Mines | Assisted by a Guerilla fighting off Assembled 1754 | -10/Mines | Discovered new exit (range 5) 1852 | -10/Mines | Received a Mining Laser from a helpful Derelict 1934 | -10/Mines | Build established: Mutant 1950 | -10/Mines | Entered Materials 1950 | -9/Materials | Accompanied by 1 ally 1952 | -9/Materials | Reached level 3 2028 | -9/Materials | Reached level 4 2263 | -9/Materials | Reached level 5 2314 | -9/Materials | Build established: Skirmisher 2323 | -9/Materials | Discovered new exit (range 4) 2374 | -9/Materials | Upgraded with Utility slot (x1) 2644 | -9/Materials | Reached level 6 2651 | -9/Materials | Core integrity fell below 50% 2750 | -9/Materials | First assault squad dispatched 2857 | -9/Materials | Discovered new exit (range 12) 2958 | -9/Materials | Identified exit to Mines 3003 | -9/Materials | Reached level 7 3104 | -9/Materials | Discovered new exit (range 14) 3128 | -9/Materials | Upgraded with Propulsion slot (x1) 3128 | -9/Materials | Upgraded with Utility slot (x3) 3128 | -9/Materials | Upgraded with Weapon slot (x1) 3215 | -9/Materials | Reached level 8 3236 | -9/Materials | Destroyed 8 combat bots 3279 | -9/Materials | Entered Mines 3394 | -9/Mines | Discovered new exit (range 12) 3406 | -9/Mines | Deemed a non-threat by the Exiles lab entrance 3517 | -9/Mines | Build established: Hacker-Skirmisher 3540 | -9/Mines | Entered Exiles 3540 | -9/Exiles | Found Exiles lab destroyed 3789 | -9/Exiles | Opened EX-Vault 3889 | -9/Exiles | Learned location of Zion (-7) 3890 | -9/Exiles | Build established: Hacker-Mutant 4169 | -9/Exiles | Discovered new exit (range 14) 4188 | -9/Exiles | Self-destructed Last Messages --------------- 03889_ System corrupted: IFF burst signal emitted. 03889_ Connecting with EX-Message Board... >>Record "MSG001714-01*" PINNED - TO ALL TESTERS: Stay away from Zion. Imprinter means us harm and is serious about it. World map updated: -7/Zion. >>Record "MSG004964-01" Who left my Assembled plushie in the Analyzer again?! I'm not erasing this message until I get an answer. --BIN 03915_ HAXI=R7HIWDUSB,SLXMO 03951_ System corrupted: Matter fused (-10). 03976_ System corrupted: Component data lost. 03995_ System corrupted: Energy discharge (-55). 04005_ Dropped Imp. Heat Sink. 04006_ Acquired Unknown Hackware. 04006_ Identified Mak. Hacking Suite. 04011_ System corrupted: Matter fused (-5). 04130_ R 7/:DTNRRZW,LLQ>ODSX7NN8ZFPE 04169_ EXIT=FOUND 04174_ System corrupted: Substantial component data lost. Map ----- +----------------------------------------------------+ | | | | | | | | | | | ??????????????????????????????????????????? | | ??????????????????????????????????????????? | | ??????????????????????????????????????????? | | ??????????????????????????????????????????? | | ??????????????????????????????????????????? | | ??????????????????????????????????????????? | | ??????????????????????????????????????????? | | ??????????#???????????????????????????????? | | ???????????????????????#??????????????????? | | ??????????????????????????????????????????? | | ??????????#?#?#???????????????????????????? | | ???????#????????#?????????????????????????? | | ??????????????????????????????????????????? | | ????????????????????#??????##?????????????? | | ?????????????#????#??????????#????????????? | | ????????????#???#???????#??#??????????????? | | ????????????##??#####?????????????????????? | | ???????##??????## ##??????#??##?????????? | | ????????#??#???# #??#?##?#???##???????? | | ????????#??????# < #??#??#?????#????????? | | ???????????#???# @ ###??#??#?????????#??? | | ??#??????#?#??## #????####???##????#? | | ????????????#??# ##??##?#?#?#??#?##??? | | ????????#???#??## g #?#??#####???#?##???? | | ????????????##??# ##??#?????#?#???###?# | | ????#??????#????## ###??#?##?#??####### | | ??????????#???#??# #######?###??# "# | | ??????????###????# #""##?#???# "# | | ???????????????#?## #?###?# "# | | ????????#?#??#????##" ##??### ""# | | ?????????#??#####?#"" #####" "# | | ?????????#?#?#?##?#### ##" "# | | ????????#??#???????#### #"" #?# | | ???????????#???#????#?#"## ##? | | ?????????##???###??#?######## ##? | | ?????????#???????#?##?#????#### "## | | ?????????????#???#?#?#########" ## | | ????????????????##?#### """"" | | ????????????#????#??#?# "###"" | | ??????????????#???#??## "#### | | ??????????????#?###???# ###?#" | | ?????????????????#?##?# """"""###???#"# | | ?????????????????#?#?##############?##### | | ??????????????#?#?????#?####?#??????##??### | | ?????????????#???#??##?##?#????####??#?#?## | +----------------------------------------------------+ Best States ------------- Heat Dissipation 63 Energy Generation 12 Energy Capacity 265 Matter Stores 300 Matter Capacity 300 Sight Range 16 Terrain Scan Range 16 Terrain Scan Density 185 Evasion (%) 50 Recoil Reduction 3 Salvage Targeting 1 Offensive Hacking 41 Item Schematics ----------------- None Robot Schematics ------------------ None Fabricated ------------ Nothing Alien Tech Used ----------------- None Achievements -------------- None Challenges ------------ None RPGLIKE | -11 -10 -10 -9 -9 -9 --------- Run | Scr Mat Min Mat Min Exi Levels Raised 7 | . 1 . 6 . . XP Earned 14101 | 3000 1965 850 7798 349 139 XP Spent 11620 | 2350 1670 400 7200 . . Upgrades 18 | 5 6 1 6 . . Propulsion Slot 2 | 1 . . 1 . . Utility Slot 5 | 1 . . 4 . . Weapon Slot 4 | 2 1 . 1 . . Heat Dissipation 4 | . 4 . . . . Inventory Capacity 1 | . 1 . . . . Terrain Scan Density 1 | 1 . . . . . Ranged Accuracy 1 | . . 1 . . . Protomatter Created 589 | . 168 27 394 . . Integrity Restored 1321 | . 208 81 1032 . . Core 1195 | . 182 81 932 . . Parts 126 | . 26 . 100 . . Protomatter Decayed 105 | . 96 9 . . . Game ------ Seed InsulatedCatalystDevice Manual? 0 Play Time 00:45:00 Cumulative 148.8 hours Start 2023.02.22 @ 12:14:03 End 2023.02.22 @ 16:58:09 Sessions 1 Manual Loads 0 Difficulty Rogue Special Mode Winter2019/RPGLIKE Game No. 40 Rogue 15 Adventurer 25 Explorer 0 Win Type - Total 12 Types 8/1/1/1/1/0/0/0/0 Lore% 66 Gallery% 64 Achievement% 71 Wizard Run 0 Options --------- ASCII 0 Keyboard 0 Movement Mouse Keybinds 0 Fullscreen 2 Font 24/Smallcaps Map View 76x56 Tactical HUD 1 Map Filters NONE Filters NONE Steam 1 RUN: ba3b5a52-350b-4a96-86bb-462abc187370